 Dungeon Crawl Stone Soup version 0.19.1 (webtiles) character file.

57 Hamenopi the Ruffian (level 3, -2/36 HPs)
             Began as a Troll Berserker on May 11, 2017.
             Was a Believer of Trog.
             Killed from afar by an adder (35 damage)
             ... with an exploding inner flame
             ... hexed by the player character
             ... on level 2 of the Dungeon.
             The game lasted 00:05:25 (1122 turns).

Hamenopi the Ruffian (Troll Berserker)              Turns: 1122, Time: 00:05:26

Health: -2/36      AC:  5    Str: 23 (26) XL:     3   Next: 73%
Magic:  2/2        EV: 10    Int:  1 (3)  God:    Trog [**....]
Gold:   63         SH:  0    Dex:  7 (9)  Spells: 0 memorised, 2 levels left

rFire  . . .     SeeInvis .       - Unarmed
rCold  . . .     Gourm    +     a - +0 animal skin
rNeg   . . .     Faith    .     (no shield)
rPois  .         Spirit   .     (helmet restricted)
rElec  .         Reflect  .     (no cloak)
rCorr  .         Harm     .     (gloves unavailable)
MR     .....                    (boots unavailable)
Stlth  +.........               (no amulet)
                                (no ring)
                                (no ring)

@: no status effects
A: unfitting armour, claws 3, fast metabolism 3, gourmand, regeneration 1,
shaggy fur 1, tough skin 2
a: Berserk, Trog's Hand, Burn Spellbooks, Renounce Religion


You were on level 2 of the Dungeon.
You worshipped Trog.
Trog was pleased with you.
You were not hungry.

You visited 1 branch of the dungeon, and saw 3 of its levels.

You collected 63 gold pieces.

Inventory:

Missiles
 c - 47 stones (quivered)
Armour
 a - a +0 animal skin (worn)
Scrolls
 d - 2 scrolls of amnesia
 f - a scroll of identify
 j - a scroll of remove curse
Potions
 h - a potion of might {unknown}
 i - a potion of degeneration
Comestibles
 b - 4 bread rations
 g - a royal jelly


   Skills:
 + Level 2.7 Fighting
 + Level 3.1 Dodging
 + Level 3.7 Unarmed Combat


You had 2 spell levels left.
You didn't know any spells.

Dungeon Overview and Level Annotations

Branches:
Dungeon (3/15)

Altars:


Innate Abilities, Weirdness & Mutations

You are too large for most types of armour.
You have claws for hands.
Your metabolism is lightning-fast.
You like to eat raw meat.
Your natural rate of healing is unusually fast.
You are covered in fur. (AC +1)
You have very tough skin. (AC +2)


Message History

The creatures around you are filled with an inner flame!
It was a scroll of immolation.
Throwing (i - inventory):
c - 49 stones (quivered)
Press: ? - help, Shift-Dir - straight line, f - adder
Aim: an adder (inner flame)
You throw a stone.
The stone hits the adder but does no damage.
Throwing (i - inventory):
c - 48 stones (quivered)
Press: ? - help, Shift-Dir - straight line, f/p - adder
Aim: an adder (inner flame)
You throw a stone. The stone hits the adder.
The adder is lightly wounded.
You barely miss the adder.
The adder is lightly wounded.
The adder bites you.
You claw the adder!
The adder explodes!
The fiery explosion engulfs you!
Ouch! That really hurt!
You die...

######.....#############.........
.# #.....# #......... ## #.....#
#......... ##.#### ##.####### #.#
#..# #.. #######.#######
#########.####.. ...............
................
....###.#####.###§########..###..
###.#.......#.#.@§§.(... ##.###..
# #.#.......#.#.#§#####. #..##..
###.#...).....#.#.# ##.####
............###.#.# #......
.##.#.......# #.#.# #......
♣♣♣♣#.......# #.#.# #......
P.♣♣♣.......###.#.# #......
..P)♣♣..........#.# .. #......
.♣..........##### ... #......


There were no monsters in sight!

Vanquished Creatures
  2 gnolls (D:1)
  An adder (D:2)
  A leopard gecko (D:1)
  2 bats (D:1)
  4 giant cockroaches (D:2)
  6 hobgoblins
  5 goblins
  A kobold (D:1)
  4 rats
26 creatures vanquished.

Notes
Turn   | Place    | Note
-------+----------+-------------------------------------------
     0 | D:1      | Hamenopi the Troll Berserker began the quest for the Orb.
     0 | D:1      | Reached XP level 1. HP: 22/22 MP: 0/0
    55 | D:1      | Reached XP level 2. HP: 29/29 MP: 1/1
   249 | D:1      | Reached XP level 3. HP: 16/36 MP: 2/2
   839 | D:2      | Reached ** piety under Trog
  1122 | D:2      | Killed from afar by an adder

Skill      XL: |  1  2 |
---------------+-------+-----
Dodging        | 3 |  3.1
Fighting       | |  2.7
Unarmed Combat | |  3.7

Action                   || total
-------------------------++-------
Melee: Unarmed           ||    66
       Punch             ||     1
Throw: Stone             ||     2
  Use: Scroll            ||     4
       Potion            ||     4
  Eat: Chunk             ||    11
Armor: Animal skin       ||    15
Dodge: Dodged            ||    34
